 Dungeon Crawl Stone Soup version 0.23.2 (webtiles) character file.

Game seed: 12955851594979828283

10173 Menchi the Fighter (level 11, -2/102 HPs)
             Began as a Ghoul Fighter on Apr 8, 2019.
             Was a Believer of Nemelex Xobeh.
             Slain by a stone giant (24 damage)
             ... on level 1 of the Orcish Mines.
             The game lasted 00:23:16 (8521 turns).

Menchi the Fighter (Ghoul Fighter)                  Turns: 8521, Time: 00:23:17

Health: -2/102     AC: 19    Str: 27    XL:     11   Next: 58%
Magic:  10/10      EV: 11    Int:  5    God:    Nemelex Xobeh [**....]
Gold:   303        SH:  4    Dex:  8    Spells: 10/10 levels left

rFire    + . .     SeeInvis +   F - +6 war axe of the Battered Runes {drain, rN++ MR+}
rCold    . . .     Gourm    .   s - +0 buckler
rNeg     + + +     Faith    .   q - +1 pearl dragon scales
rPois    ∞         Spirit   .   y - +1 helmet
rElec    .         Reflect  .   E - +0 cloak
rCorr    .         Harm     .   o - +0 pair of gloves
MR       +....                  (no boots)
Stlth    ..........             (no amulet)
HPRegen  0.00/turn              l - ring of fire
MPRegen  0.12/turn              r - ring of see invisible

@: mighty, rotting
A: rotting body, claws 1, carnivore, cold resistance 1, negative energy
resistance 3, inhibited regeneration, torment resistance, unbreathing
a: Draw Escape, Draw Destruction, Draw Summoning, Renounce Religion


You were on level 1 of the Orcish Mines.
You worshipped Nemelex Xobeh.
Nemelex Xobeh was pleased with you.
You were not hungry.

You visited 3 branches of the dungeon, and saw 12 of its levels.

You collected 558 gold pieces.
You spent 255 gold pieces at shops.

Inventory:

Hand Weapons
 F - the +6 war axe of the Battered Runes (weapon) {drain, rN++ MR+}
   (You bought it in a shop on level 8 of the Dungeon)

   A truly terrible weapon, it drains the life of those it strikes.
   It greatly protects you from negative energy.
   It affects your resistance to hostile enchantments.
 G - the +5 trident of Battle {vamp, rC+ Str+4}
   (You found it on level 9 of the Dungeon)

   It inflicts no extra harm, but heals its wielder when it wounds a living foe.
   It affects your strength (+4).
   It protects you from cold.
Armour
 o - a +0 pair of gloves (worn)
 q - +1 pearl dragon scales (worn)
 s - a +0 buckler (worn)
 y - a +1 helmet (worn)
 E - a +0 cloak (worn)
Jewellery
 e - an uncursed ring of resist corrosion
 l - a ring of fire (left hand)
 r - a ring of see invisible (right hand)
Wands
 m - a wand of acid (9)
 n - a wand of flame (22)
 v - a wand of enslavement (11)
 C - a wand of iceblast (9)
 D - a wand of disintegration (2)
Scrolls
 b - 3 scrolls of identify
 g - 2 scrolls of magic mapping
 j - 5 scrolls of teleportation
 w - 4 scrolls of remove curse {unknown}
 B - a scroll of fog
 I - a scroll of amnesia
Potions
 a - a potion of lignification {unknown}
 c - 3 potions of curing
 h - a potion of mutation {unknown}
 i - a potion of haste {unknown}
 k - a potion of berserk rage {unknown}
 p - 2 potions of magic {unknown}
 t - a potion of ambrosia {unknown}
 u - 2 potions of brilliance {unknown}
 x - 5 potions of flight {unknown}
 z - a potion of resistance {unknown}
 A - 2 potions of heal wounds {unknown}
Comestibles
 f - 23 rations


   Skills:
 * Level 11.1 Fighting
 + Level 10.7 Axes
 + Level 7.6 Armour
 + Level 3.9 Dodging
 - Level 4.0 Shields


You had 10 spell levels left.
You didn't know any spells.
Your spell library contained the following spells:

 Spells                   Type           Power        Failure   Level  Hunger
 Animate Skeleton         Necr           N/A          77%         1    ##.....
 Apportation              Tloc           #.....       77%         1    ##.....
 Confusing Touch          Hex            #.....       77%         1    ##.....
 Magic Dart               Conj           #...         77%         1    ##.....
 Pain                     Necr           #...         77%         1    ##.....
 Sandblast                Erth           #.....       77%         1    ##.....
 Summon Small Mammal      Summ           #...         77%         1    ##.....
 Passwall                 Tmut/Erth      #.......     88%         2    ###....
 Searing Ray              Conj           #.....       88%         2    ###....
 Sticks to Snakes         Tmut           #.......     88%         2    ###....
 Dazzling Spray           Conj/Hex       #.....       98%         3    ####...
 Regeneration             Chrm/Necr      #.........   98%         3    ####...
 Stone Arrow              Conj/Erth      #.....       98%         3    ####...
 Vampiric Draining        Necr           #.........   98%         3    ####...
 Animate Dead             Necr           N/A          100%        4    #####..
 Force Lance              Conj/Tloc      #.......     100%        4    #####..
 Fulminant Prism          Conj/Hex       #.........   100%        4    #####..
 Iskenderun's Mystic Bla  Conj           #.......     100%        4    #####..
 Petrify                  Tmut/Erth      #.......     100%        4    #####..
 Lee's Rapid Deconstruct  Erth           #.........   100%        5    ######.
 Beastly Appendage        Tmut           Unusable     N/A         1    N/A
 Spider Form              Tmut/Pois      Unusable     N/A         3    N/A
 Ice Form                 Ice/Tmut       Unusable     N/A         4    N/A
 Blade Hands              Tmut           Unusable     N/A         5    N/A

Dungeon Overview and Level Annotations

Branches:
Dungeon (10/15)            Temple (1/1) D:5            Lair (0/6) D:9
    Orc (1/2) D:9

Altars:
Ashenzari
Dithmenos
Gozag
Kikubaaqudgha
Nemelex Xobeh
Okawaru
Ru
Trog
Uskayaw
Vehumet
Wu Jian
Xom
Zin
The Shining One

Shops:
D:8 (

Annotations:
D:10 1 runed translucent door


Innate Abilities, Weirdness & Mutations

Your body is rotting away.
You thrive on raw meat.
You are immune to poison.
You have sharp fingernails.
You are carnivorous and can eat meat at any time.
Your flesh is cold resistant. (rC+)
You are immune to negative energy. (rN+++)
You do not regenerate when monsters are visible.
You are immune to unholy pain and torment.
You can survive without breathing.


Message History

You hit the stone giant but do no damage.
You drain the stone giant. The warg bites you.
You block the stone giant's attack.
Menchi's illusion closely misses the warg.
You closely miss the warg.
The warg is moderately wounded.
You hit the stone giant. You drain the stone giant.
The warg bites you but does no damage. The stone giant hits you.
You hit the warg. You drain the warg.
The warg is severely wounded.
You hit the stone giant.
Menchi's illusion hits the warg!
The warg dies!
You feel very mighty all of a sudden. The stone giant hits you!
* * * LOW HITPOINT WARNING * * *
You slice the stone giant!!
The stone giant is severely wounded.
The stone giant hits you!!
You die...
Your body disappears without a glow.

#.....#....
##.........
#.........#
#.........# .
#.........#..
#............
#...C@.......
#...>@.......
##...........
#..#....#...
#.......... .
##. .........
###.........
###......$
.......


You could see a stone giant and the friendly Menchi's illusion.

Vanquished Creatures
  2 two-headed ogres
  Joseph (D:7)
  A centaur skeleton (D:8)
  A troll (D:10)
  A hippogriff (D:10)
  Sigmund (D:2)
  3 wraiths (D:10)
  2 shadows (D:10)
  4 fire bats (D:10)
  6 yaks (D:10)
  7 humans
  Menkaure (D:7)
  4 wargs (D:9)
  2 water moccasins (D:9)
  4 ice beasts
  An orc warrior (D:5)
  3 phantoms
  2 sky beasts
  3 centaurs
  4 ogres
  2 crocodiles
  3 big kobolds
  5 bullfrogs
  5 scorpions
  4 killer bees (D:7)
  4 crimson imps
  A bullfrog zombie (D:10)
  4 hounds
  2 jellies
  3 orc priests
  4 orc wizards
  A bullfrog skeleton (D:6)
  An iguana (D:4)
  Terence (D:2)
  4 worker ants
  A killer bee zombie (D:6)
  A hound skeleton (D:5)
  3 worker ant zombies
  Robin (D:2)
  20 adders
  3 gnolls (D:3)
  3 shadow imps
  2 oozes
  An adder zombie (D:6)
  4 worms
  A dart slug (D:1)
  6 leopard geckos
  29 orcs
  4 giant cockroaches
  14 goblins
  8 hobgoblins
  19 jackals
  3 quokkas
  2 ball pythons
  14 bats
  6 frilled lizards
  A jackal skeleton (D:6)
  20 kobolds
  A leopard gecko skeleton (D:5)
  A quokka skeleton (D:2)
  12 rats
277 creatures vanquished.

Vanquished Creatures (collateral kills)
  A warg (Orc:1)
1 creature vanquished.

Grand Total: 278 creatures vanquished

Notes
Turn   | Place    | Note
-------+----------+-------------------------------------------
     0 | D:1      | Menchi the Ghoul Fighter began the quest for the Orb.
     0 | D:1      | Reached XP level 1. HP: 19/19 MP: 0/0
    93 | D:1      | Reached XP level 2. HP: 25/26 MP: 1/1
   146 | D:1      | Reached skill level 4 in Fighting
   299 | D:1      | Reached XP level 3. HP: 33/33 MP: 2/2
   732 | D:2      | Found an opulent altar of Gozag.
   743 | D:2      | Noticed Robin
   752 | D:2      | Killed Robin
   752 | D:2      | Reached XP level 4. HP: 32/40 MP: 3/3
   862 | D:2      | Noticed Sigmund
   883 | D:2      | Killed Sigmund
   883 | D:2      | Reached skill level 1 in Dodging
   883 | D:2      | Reached XP level 5. HP: 32/47 MP: 4/4
   883 | D:2      | Reached XP level 6. HP: 38/55 MP: 5/5
   912 | D:2      | Noticed Terence
   928 | D:2      | Killed Terence
   928 | D:2      | Reached skill level 5 in Fighting
  1781 | D:2      | Found a bloodstained altar of Trog.
  2074 | D:3      | Reached XP level 7. HP: 14/61 MP: 6/6
  3752 | D:5      | Entered Level 5 of the Dungeon
  3798 | D:5      | Found a staircase to the Ecumenical Temple.
  3883 | D:5      | Reached XP level 8. HP: 67/70 MP: 7/7
  3899 | D:5      | Reached skill level 6 in Fighting
  3900 | D:5      | Found a shadowy altar of Dithmenos.
  4029 | D:5      | Found a glowing silver altar of Zin.
  4089 | D:5      | Reached skill level 5 in Axes
  4627 | Temple   | Entered the Ecumenical Temple
  4643 | Temple   | Became a worshipper of Nemelex Xobeh the Trickster
  4726 | D:6      | Reached skill level 5 in Armour
  4742 | D:6      | Received a gift from Nemelex Xobeh
  4934 | D:6      | Found a hide-covered altar of Uskayaw.
  4936 | D:6      | Found a sacrificial altar of Ru.
  4943 | D:6      | Reached skill level 7 in Fighting
  4948 | D:6      | Found a radiant altar of Vehumet.
  5121 | D:6      | Reached * piety under Nemelex Xobeh
  5165 | D:7      | Noticed Joseph
  5183 | D:7      | Killed Joseph
  5183 | D:7      | Reached XP level 9. HP: 47/79 MP: 8/8
  5339 | D:7      | Noticed Menkaure
  5345 | D:7      | Killed Menkaure
  5413 | D:7      | Found a sacrificial altar of Ru.
  5486 | D:7      | Received a gift from Nemelex Xobeh
  5716 | D:7      | Reached skill level 8 in Fighting
  5958 | D:8      | Reached XP level 10. HP: 90/90 MP: 9/9
  6011 | D:8      | Reached skill level 9 in Fighting
  6166 | D:8      | Found Leliuxal's Antique Weapon Shop.
  6179 | D:8      | Bought a polished war axe for 255 gold pieces
  6179 | D:8      | Identified the +6 war axe of the Battered Runes {drain,
                  | rN++ MR+} (You bought it in a shop on level 8 of the
                  | Dungeon)
  6221 | D:8      | Received a gift from Nemelex Xobeh
  6295 | D:8      | Found an iron altar of Okawaru.
  7005 | D:9      | Reached ** piety under Nemelex Xobeh
  7013 | D:9      | Noticed a two-headed ogre
  7021 | D:9      | Killed a two-headed ogre
  7162 | D:9      | Found a staircase to the Lair.
  7171 | D:9      | Reached skill level 10 in Fighting
  7175 | D:9      | Found a staircase to the Orcish Mines.
  7274 | D:9      | Got a brightly glowing trident
  7275 | D:9      | Identified the +5 trident of Battle {vamp, rC+ Str+4} (You
                  | found it on level 9 of the Dungeon)
  7702 | D:10     | Entered Level 10 of the Dungeon
  7736 | D:10     | Reached XP level 11. HP: 91/100 MP: 10/10
  7761 | D:10     | Noticed a two-headed ogre
  7770 | D:10     | Killed a two-headed ogre
  7770 | D:10     | Reached skill level 10 in Axes
  7821 | D:10     | Found a runed translucent door.
  7858 | D:10     | Found a sparkling altar of Nemelex Xobeh.
  7868 | D:10     | Found a shattered altar of Ashenzari.
  7879 | D:10     | Found an ancient bone altar of Kikubaaqudgha.
  7891 | D:10     | Noticed a flayed ghost
  7903 | D:10     | Found a sparkling altar of Nemelex Xobeh.
  7938 | D:10     | Found an ornate altar of the Wu Jian Council.
  8017 | D:10     | Found a glowing golden altar of the Shining One.
  8036 | D:10     | Reached skill level 11 in Fighting
  8117 | D:10     | Found a shimmering altar of Xom.
  8386 | Orc:1    | Entered Level 1 of the Orcish Mines
  8386 | Orc:1    | Noticed a stone giant
  8521 | Orc:1    | Slain by a stone giant

Skill      XL: |  1  2  3  4  5  6  7  8  9 10 11 |
---------------+----------------------------------+-----
Armour         | 3 4 5 6 7 |  7.6
Axes           | 2 3 4 6 8 9 10 | 10.7
Fighting       | 4 5 7 8 10 11 | 11.1
Dodging        | 1 2 3 |  3.9
Shields        | 3 4 |  4.0

Action                   |  1- 3 |  4- 6 |  7- 9 | 10-12 || total
-------------------------+-------+-------+-------+-------++-------
Melee: War axe           |   106 |     6 |    38 |   254 ||   404
       Dagger            |       |   309 |    57 |       ||   366
       Hand axe          |       |       |   250 |    33 ||   283
 Abil: Draw Destruction  |       |       |       |     2 ||     2
       Draw Summoning    |       |       |       |     1 ||     1
  Use: Potion            |       |     1 |       |     1 ||     2
       Scroll            |       |       |    12 |       ||    12
  Eat: Chunk             |     9 |    18 |    22 |    16 ||    65
Armor: Scale mail        |    66 |   142 |    42 |       ||   250
       Pearl dragon scal |       |       |   109 |   140 ||   249
Dodge: Dodged            |    78 |   139 |   146 |   157 ||   520
Block: Buckler           |       |    40 |    55 |    51 ||   146
